 Dungeon Crawl Stone Soup version 0.28-a0-1117-g0bdd5ba030 (webtiles) character file.

Game seed: 18045842717398489247

1661 SensoryNuts the Skirmisher (level 8, -1/77 HPs)
             Began as a Pale Draconian Monk on Dec 11, 2021.
             Slain by a steam dragon (5 damage)
             ... on level 6 of the Dungeon.
             The game lasted 00:11:02 (6177 turns).

SensoryNuts the Skirmisher (Pale Draconian Monk)    Turns: 6177, Time: 00:11:03

Health: -1/77      AC:  9    Str: 15    XL:     8   Next: 69%
Magic:  8/8        EV: 14    Int: 11    God:
Gold:   179        SH:  0    Dex: 14    Spells: 7/7 levels left

rFire   . . .      SeeInvis .   c - +3 dire flail (holy)
rCold   . . .      Faith    .   (shield currently unavailable)
rNeg    + . .      Spirit   .   (armour unavailable)
rPois   .          Reflect  .   (helmet restricted)
rElec   .          Harm     .   (no cloak)
rCorr   .          Rampage  .   e - +2 pair of gloves of Wu Jian's Wrath {rN+}
Will    .....                   (no boots)
Stlth   +++.......              (no amulet)
HPRegen 0.22/turn               (no ring)
MPRegen 0.11/turn               (no ring)

@: no status effects
A: breathe steam, AC +6, unfitting armour, cold-blooded, steam resistance,
robust 1, noise suppression
a: Breathe Steam


You were on level 6 of the Dungeon.
You visited 1 branch of the dungeon, and saw 6 of its levels.

You collected 179 gold pieces.

Inventory:

Hand Weapons
 a - a +0 hand axe
 c - a +3 dire flail of holy wrath (weapon)
 d - a +2 dagger of electrocution
 l - a +0 giant spiked club
 s - a +0 giant club
Missiles
 k - a throwing net
Armour
 e - the +2 pair of gloves of Wu Jian's Wrath (worn) {rN+}
   (You acquired it on level 4 of the Dungeon)

   rN:        It protects you from negative energy.
 j - a +3 leather armour
Magical Staves
 h - a staff of cold
Wands
 g - a wand of digging (6) (quivered)
Scrolls
 b - a scroll of enchant weapon
 f - a scroll of enchant armour
 m - a scroll of amnesia
 n - 3 scrolls of identify
Potions
 i - 2 potions of magic


   Skills:
 + Level 6.2 Fighting
 + Level 4.1 Short Blades
 + Level 3.6(4.8) Axes
 + Level 4.8(5.4) Maces & Flails
 + Level 5.7 Dodging
 + Level 4.6 Stealth


You had 7 spell levels left.
You didn't know any spells.
Your spell library contained the following spells:

 Spells                   Type           Power      Damage    Failure   Level
 Freeze                   Ice            0%         1d3       34%         1
 Conjure Flame            Conj/Fire      0%         6-21      71%         3
 Frozen Ramparts          Ice            0%         1d2       71%         3
 Ignite Poison            Fire/Tmut/Pois 0%         N/A       71%         3
 Tukima's Dance           Hex            0%         N/A       71%         3
 Hailstorm                Conj/Ice       0%         3d3       98%         4
 Passage of Golubria      Tloc           0%         N/A       98%         4
 Sticky Flame             Conj/Fire      0%         2d3       98%         4
 Yara's Violent Unravell  Hex/Tmut       0%         3d3       100%        5


Dungeon Overview and Level Annotations

Branches:
Dungeon (6/15)             Temple (0/1) D:5

Altars:
Uskayaw

Shops:
D:6 (

Annotations:
D:6 1 runed translucent door, CougarLife's ghost, novice TrFi


Innate Abilities, Weirdness & Mutations

You can breathe blasts of scalding, opaque steam.
Your pale cyan-grey scales are hard. (AC +6)
You cannot fit into any form of body armour.
You are cold-blooded and may be slowed by cold attacks.
You are immune to the effects of steam.
You are robust. (+10% HP)
You passively dampen the noise of your surroundings.


Message History

Your Fighting skill increases to level 6!
Your base Maces & Flails skill increases to level 4!
Aiming: Breathe Steam (1% risk of failure)
Press: ? - help, Shift-Dir - straight line, f - steam dragon
Aim: a steam dragon You exhale a blast of scalding steam.
The ball of steam hits the jelly!
You kill the jelly!
The ball of steam hits the steam dragon.
The steam dragon resists.
The steam dragon is lightly wounded.
Things that are here:
a +0 whip of freezing; a +0 robe The steam dragon breathes steam at you.
The ball of steam hits you but does no damage.
The steam dragon misses you.
The steam dragon claws you but does no damage.
The steam dragon bites you!
* * * LOW HITPOINT WARNING * * *
The steam dragon claws you but does no damage.
You puncture the steam dragon!
The steam dragon is moderately wounded.
The steam dragon breathes steam at you. The ball of steam hits you. You resist.
* * * LOW HITPOINT WARNING * * *
You barely miss the steam dragon.
You tail-slap the steam dragon, but do no damage.
The steam dragon is moderately wounded.
The steam dragon bites you but does no damage.
The steam dragon barely misses you.
You barely miss the steam dragon.
The steam dragon is moderately wounded.
The steam dragon bites you.
* * * LOW HITPOINT WARNING * * *
The steam dragon claws you but does no damage.
The steam dragon closely misses you. x2
You barely miss the steam dragon. You tail-slap the steam dragon.
The steam dragon is heavily wounded.
You have got your breath back.
The steam dragon bites you.
You die...

#.# #.# #.#
#.# #.# #.#
#.#
###########
#.#
.........@#
#.#
#########D#
########.#
#.#
#........#
#)#
#.########
#.# #.# #.#
#.# #.# #.#
#.# #.#
#.###.#


You could see a steam dragon (catching breath).

Vanquished Creatures
  Pikel (D:6)
  Edmund (D:5)
  3 ogres
  2 centaurs (D:6)
  A lemure (D:6)
  A phantom (D:5)
  A scorpion (D:5)
  A water moccasin skeleton (D:5)
  A jelly (D:6)
  A gnoll shaman (D:5)
  2 hounds
  A bullfrog zombie (D:6)
  An orc priest (D:5)
  A bullfrog skeleton (D:5)
  Ijyb (D:4)
  An iguana (D:5)
  An orc wizard (D:5)
  2 hound skeletons
  7 gnolls
  4 adders
  A shadow imp (D:6)
  An adder zombie (D:5)
  An adder skeleton (D:4)
  3 worms
  2 dart slugs
  10 orcs
  7 ball pythons
  6 bats
  5 endoplasms
  3 giant cockroaches
  7 goblins
  9 hobgoblins
  4 jackals (D:2)
  4 quokkas
  3 frilled lizards
  6 kobolds
  7 rats
113 creatures vanquished.

Vanquished Creatures (others)
  A gnoll (D:6)
  5 plants (D:2)
6 creatures vanquished.

Grand Total: 119 creatures vanquished

Notes
Turn   | Place    | Note
-------+----------+-------------------------------------------
     0 | D:1      | SensoryNuts the Draconian Monk began the quest for the Orb.
     0 | D:1      | Reached XP level 1. HP: 19/19 MP: 1/1
   118 | D:1      | Reached XP level 2. HP: 21/26 MP: 2/2
   628 | D:1      | Reached XP level 3. HP: 28/33 MP: 3/3
   674 | D:1      | Found a faded altar of an unknown god.
   687 | D:1      | Prayed at the altar of an unknown god.
   687 | D:1      | Became a worshipper of Uskayaw the Reveller
   687 | D:1      | Reached * piety under Uskayaw
   687 | D:1      | Reached ** piety under Uskayaw
   702 | D:1      | Fell from the grace of Uskayaw
  1047 | D:2      | Reached skill level 4 in Fighting
  1053 | D:2      | Paralysed by the fury of Uskayaw for 6 turns
  1345 | D:2      | Paralysed by the fury of Uskayaw for 6 turns
  1468 | D:2      | Reached XP level 4. HP: 40/40 MP: 4/4
  1915 | D:3      | Reached skill level 1 in Short Blades
  2008 | D:3      | Noticed an ogre
  2016 | D:3      | Killed an ogre
  2017 | D:3      | Reached XP level 5. HP: 26/47 MP: 5/5
  2805 | D:4      | Paralysed by the fury of Uskayaw for 7 turns
  3055 | D:4      | Noticed Ijyb
  3068 | D:4      | Gained mutation: You passively dampen the noise of your
                  | surroundings. [potion of mutation]
  3068 | D:4      | Gained mutation: You are robust. (+10% HP) [potion of
                  | mutation]
  3078 | D:4      | Killed Ijyb
  3149 | D:4      | Was forgiven by Uskayaw
  3353 | D:4      | Noticed an ogre
  3360 | D:4      | Killed an ogre
  3361 | D:4      | Reached XP level 6. HP: 40/58 MP: 6/6
  3722 | D:4      | Identified a scroll of acquirement
  3732 | D:5      | Entered Level 5 of the Dungeon
  3906 | D:5      | Found a staircase to the Ecumenical Temple.
  4045 | D:5      | Your scales start taking on a pale cyan-grey colour.
  4045 | D:5      | Reached XP level 7. HP: 46/66 MP: 7/7
  4045 | D:5      | Gained mutation: You are immune to the effects of steam.
                  | [Pale Draconian growth]
  4196 | D:5      | Noticed Edmund
  4214 | D:5      | Killed Edmund
  4503 | D:5      | Reached skill level 5 in Fighting
  4683 | D:5      | Reached skill level 1 in Maces & Flails
  5350 | D:4      | Acquired the +2 pair of gloves of Wu Jian's Wrath {rN+}
  5381 | D:4      | HP: 2/67 [gnoll (5)]
  5396 | D:4      | HP: 3/67 [gnoll (1)]
  5682 | D:5      | Reached skill level 5 in Dodging
  5927 | D:5      | Reached XP level 8. HP: 75/75 MP: 8/8
  6019 | D:6      | Noticed CougarLife's ghost (novice TrFi)
  6024 | D:6      | Found a runed translucent door.
  6034 | D:6      | Found Bojih's Antique Weapon Shoppe.
  6147 | D:6      | Noticed Pikel
  6165 | D:6      | Killed Pikel
  6166 | D:6      | Reached skill level 6 in Fighting
  6177 | D:6      | Slain by a steam dragon

Illustrated notes

Levels and vault maps discovered:
D:1:      ebering_trefoil_3fold, layout_basic, ebering_ecumenical_altar_mist
D:2:      layout_loops_ring, minivault_25, chequers_big_river
D:3:      layout_basic
D:4:      layout_rooms, kennysheep_cluttered_room, uniq_ijyb
D:5:      layout_loops_corners, minmay_temple_entry_proselytizer, uniq_edmund
D:6:      layout_basic, hellmonk_ghost_happy_afterlife, serial_shops,
          nicolae_shop_trees, shop, shop, hangedman_feature_mirror, uniq_pikel

Skill      XL: |  1  2  3  4  5  6  7  8 |
---------------+-------------------------+-----
Dodging        | 3 4 5 |  5.7
Stealth        | 2 3 4 |  4.6
Fighting       | 4 5 6 |  6.2
Short Blades   | 2 3 4 |  4.1
Maces & Flails | 2 4 |  4.8
Axes           | |  3.6

Action                   |  1- 3 |  4- 6 |  7- 9 || total
-------------------------+-------+-------+-------++-------
Melee: Hand axe          |    29 |       |       ||    29
       Tailslap          |    20 |    19 |    19 ||    58
       Dagger            |   117 |   131 |    14 ||   262
       Dire flail        |       |       |   118 ||   118
Invok: Renounce Religion |     1 |       |       ||     1
 Abil: Breathe Steam     |       |       |     1 ||     1
  Use: Potion            |       |     7 |     3 ||    10
       Scroll            |       |     7 |     4 ||    11
 Stab: Sleeping          |     3 |     5 |     1 ||     9
       Distracted        |       |     1 |       ||     1
Armor: Skin              |    46 |    29 |    58 ||   133
Dodge: Dodged            |    97 |    69 |   148 ||   314

Table legend: (Time is in decaauts)
 A = Elapsed time spent in this place.
 B = Non-inter-level travel time spent in this place.
 C = Inter-level travel time spent in this place.
 D = Time resting spent in this place.
 E = Time spent auto-exploring this place.
 F = Levels seen in this place.
 G = Mean time per level.
                   A        B        C        D        E       F      G
               +--------+--------+--------+--------+--------+-----+--------+
         Total |   6151 |   6151 |      0 |      0 |   4456 |   6 | 1025.2 |
       Dungeon |   6151 |   6151 |      0 |      0 |   4456 |   6 | 1025.2 |
               +--------+--------+--------+--------+--------+-----+--------+

Top non-repeatable levels by time:
     D:5: 1675 daAuts
     D:4: 1560 daAuts
     D:2: 1089 daAuts
     D:3: 896 daAuts
     D:1: 761 daAuts
     D:6: 167 daAuts
